 Dungeon Crawl Stone Soup version 0.29-a0-451-gfbfa42419e (webtiles) character file.

Game seed: 16048818130030336102

1099 xian the Conjurer (level 8, -13/61 HPs)
             Began as a Yellow Draconian Conjurer on May 19, 2022.
             Mangled by an orc
             ... wielding a +1 falchion of electrocution
              (20 damage)
             ... on level 5 of the Dungeon.
             The game lasted 00:15:55 (4876 turns).

xian the Conjurer (Yellow Draconian Conjurer)       Turns: 4876, Time: 00:15:55

Health: -13/61     AC:  7    Str:  9    XL:     8   Next: 10%
Magic:  16/16      EV: 12    Int: 22    God:
Gold:   159        SH:  0    Dex:  9    Spells: 12/18 levels left

rFire   . . .      SeeInvis .   b - +0 short sword
rCold   . . .      Faith    .   (no shield)
rNeg    . . .      Spirit   .   (body armour unavailable)
rPois   .          Reflect  .   (helmet restricted)
rElec   .          Harm     .   (no cloak)
rCorr   +          Rampage  .   s - +0 pair of gloves
Will    .....                   (no boots)
Stlth   +.........              m - amulet of magic regeneration
HPRegen 0.20/turn               k - ring of resist corrosion
MPRegen 0.55/turn               (no ring)

@: confused
A: spit acid, AC +6, unfitting armour, cold-blooded, acid resistance
a: Breathe Acid


You were on level 5 of the Dungeon.
You visited 1 branch of the dungeon, and saw 5 of its levels.

You collected 159 gold pieces.

Inventory:

Hand Weapons
 b - a +0 short sword (weapon)
Missiles
 d - 7 poisoned darts
 i - 5 silver javelins
Armour
 s - a +0 pair of gloves (worn)
Jewellery
 k - a ring of resist corrosion (left hand)
 m - an amulet of magic regeneration (around neck)
Wands
 x - a wand of polymorph (8)
Scrolls
 c - 2 scrolls of amnesia {unknown}
 e - 2 scrolls of identify
 g - 3 scrolls of magic mapping {unknown}
 l - 2 scrolls of fog {unknown}
 n - a scroll of enchant weapon {unknown}
 p - a scroll of enchant armour {unknown}
 r - 2 scrolls of noise {unknown}
 u - a scroll of immolation {unknown}
 v - a scroll of brand weapon {unknown}
 y - a scroll of vulnerability {unknown}
Potions
 a - a potion of magic
 f - 4 potions of degeneration {unknown}
 j - 3 potions of curing {unknown}
 o - a potion of lignification {unknown}
 q - a potion of mutation {unknown}
 t - a potion of brilliance {unknown}
 w - a potion of might {unknown}
 z - 2 potions of attraction {unknown}


   Skills:
 + Level 2.1 Fighting
 + Level 1.5 Short Blades
 + Level 3.6 Dodging
 + Level 2.7 Stealth
 + Level 5.7 Spellcasting
 + Level 6.7 Conjurations


You had 12 spell levels left.
You knew the following spells:

 Your Spells              Type           Power      Damage    Failure   Level
a - Magic Dart            Conj           100%       1d8       1%          1
b - Searing Ray           Conj           72%        2d7       1%          2
c - Dazzling Flash        Conj/Hex       42%        N/A       7%          3

Your spell library contained the following spells:

 Spells                   Type           Power      Damage    Failure   Level
 Apportation              Tloc           12%        N/A       10%         1
 Fulminant Prism          Conj/Hex       10%        3d9       24%         4
 Iskenderun's Mystic Bla  Conj/Tloc      21%        2d6       24%         4
 Call Canine Familiar     Summ           6%         N/A       28%         3
 Portal Projectile        Hex/Tloc       12%        N/A       28%         3
 Leda's Liquefaction      Hex/Erth       3%         N/A       67%         4
 Alistair's Intoxication  Tmut/Pois      4%         N/A       95%         5


Dungeon Overview and Level Annotations

Branches:
Dungeon (5/15)
 Temple: D:4-7

Altars:


Innate Abilities, Weirdness & Mutations

You can spit globs of acid.
Your golden yellow scales are hard. (AC +6)
You cannot fit into any form of body armour.
You are cold-blooded and may be slowed by cold attacks.
You are resistant to acid. (rCorr)


Message History

A puff of flame appears from out of thin air!
The puff of flame hits you! The orc misses you.
Unknown command.
Casting: Searing Ray (safe; 1% risk of failure)
Confirm with . or Enter, or press ? or * to list all spells.
Aiming: Searing Ray (safe; 1% risk of failure)
Press: ? - help, Shift-Dir - straight line (Press . to maintain the ray.)
You feel sick. The orc closely misses you.
You hear some strange, mumbled words.
You are confused.
The orc barely misses you.
You're too confused to cast spells.
You're too confused to move!
You feel sick.
You hear some strange, mumbled words.
Something tries to affect you, but you resist.
The orc hits you but does no damage. The orc closely misses you.
You hit the orc but do no damage.
The orc is heavily wounded.
You feel sick. The orc barely misses you. The orc hits you but does no damage.
Something hits you but does no damage.
You closely miss something.
You feel sick.
You are no longer poisoned.
The orc hits you with a +1 falchion of electrocution.
The orc barely misses you. Something hits you but does no damage.
The orc hits you with a +1 falchion of electrocution.
You are electrocuted!
* * * LOW HITPOINT WARNING * * *
You hear some strange, mumbled words.
You are more confused.
The orc hits you with a +1 falchion of electrocution.
* * * LOW HITPOINT WARNING * * *
The orc attacks as you move away! The orc closely misses you.
The orc barely misses you. Something hits you but does no damage.
You're too confused to cast spells.
The orc attacks as you move away! The orc hits you but does no damage.
Something hits you.
* * * LOW HITPOINT WARNING * * *
The orc hits you but does no damage.
You are electrocuted!!
You die...

#..............#.#.#
#..............#.#.# .#
##..................# .
..............#.#.###.#
.#
....###....(#...>.....#
..# ....#
#.....###...##########.#
....# #.....#
##.........)...####
....# #.....#
#.>.....))..)..... ....#
#.....#
#@................ ....#
#####.#
#oo............... #####
#.# #.{..........)....
#.# ##)#########......
###########+# #.# ......
........... #). ......
........... #... ......
..........S #.).. .....
........... #.....


You could see 2 orcs.

Vanquished Creatures
  Eustachio (D:5)
  A water moccasin (D:5)
  A phantom (D:4)
  2 necrophages (D:4)
  A bullfrog (D:4)
  2 scorpions
  3 vampire bats (D:4)
  2 orc priests (D:5)
  2 iguanas
  4 orc wizards
  5 adders
  A white imp (D:5)
  An ufetubus (D:5)
  12 orcs
  12 bats
  7 endoplasms
  7 giant cockroaches
  3 goblins
  5 hobgoblins
  2 quokkas
  8 ball pythons
  5 frilled lizards
  6 kobolds
  8 rats
101 creatures vanquished.

Notes
Turn   | Place    | Note
-------+----------+-------------------------------------------
     0 | D:1      | xian the Draconian Conjurer began the quest for the Orb.
     0 | D:1      | Reached XP level 1. HP: 14/14 MP: 3/3
   255 | D:1      | Reached XP level 2. HP: 20/20 MP: 1/5
   345 | D:1      | Found a faded altar of an unknown god.
  1332 | D:1      | Reached XP level 3. HP: 25/26 MP: 2/6
  2957 | D:3      | Reached skill level 5 in Conjurations
  3083 | D:2      | Learned a level 2 spell: Searing Ray
  3087 | D:2      | Learned a level 3 spell: Dazzling Flash
  3577 | D:3      | Reached XP level 4. HP: 28/33 MP: 5/8
  3741 | D:3      | Reached XP level 5. HP: 35/38 MP: 6/9
  3808 | D:4      | Reached skill level 1 in Short Blades
  3845 | D:4      | Reached XP level 6. HP: 43/46 MP: 8/11
  3951 | D:4      | Reached skill level 1 in Fighting
  4059 | D:4      | Reached skill level 6 in Conjurations
  4225 | D:4      | Your scales start taking on a golden yellow colour.
  4225 | D:4      | Reached XP level 7. HP: 49/52 MP: 8/14
  4225 | D:4      | Gained mutation: You are resistant to acid. (rCorr) [Yellow
                  | Draconian growth]
  4451 | D:5      | Entered Level 5 of the Dungeon
  4509 | D:5      | Reached skill level 5 in Spellcasting
  4805 | D:5      | Noticed Eustachio
  4836 | D:5      | Killed Eustachio
  4837 | D:5      | Reached XP level 8. HP: 48/61 MP: 11/16
  4850 | D:5      | Noticed a hornet
  4857 | D:5      | HP: 3/61 [orc/+0 flail (1)]
  4876 | D:5      | Mangled by an orc

Illustrated notes

Levels and vault maps discovered:
D:1:      dpeg_cavernosity, layout_basic,
          shapermc_ecumenical_altar_mp_ritualfount
D:2:      layout_basic
D:3:      cheibrodos_helix_gallery, layout_basic, minmay_vboxes
D:4:      layout_rooms, kennysheep_path_1, corexii_hall_statues_l,
          minmay_strange_pillars, st_stairs_1, roderic_batcave,
          kennysheep_crisscross
D:5:      lemuel_insect_pit, layout_basic, uniq_prince_ribbit1, uniq_sigmund,
          uniq_eustachio

Skill      XL: |  1  2  3  4  5  6  7 |
---------------+----------------------+-----
Conjurations   | 5 6 |  6.7
Dodging        | 2 3 |  3.6
Stealth        | 2 |  2.7
Spellcasting   | 3 4 5 |  5.7
Short Blades   | 1 |  1.5
Fighting       | 1 2 |  2.1

Action                   |  1- 3 |  4- 6 |  7- 9 || total
-------------------------+-------+-------+-------++-------
Melee: Short sword       |     3 |     1 |     8 ||    12
       Tailslap          |       |       |     1 ||     1
 Cast: Magic Dart        |    89 |    43 |    17 ||   149
       Searing Ray       |     2 |     9 |     9 ||    20
 Abil: Breathe Acid      |       |       |     4 ||     4
  Use: Potion            |       |       |     4 ||     4
       Scroll            |       |       |     1 ||     1
Armor: Skin              |    10 |    22 |    53 ||    85
Dodge: Dodged            |    23 |    28 |    75 ||   126

Table legend: (Time is in decaauts)
 A = Elapsed time spent in this place.
 B = Non-inter-level travel time spent in this place.
 C = Inter-level travel time spent in this place.
 D = Time resting spent in this place.
 E = Time spent auto-exploring this place.
 F = Levels seen in this place.
 G = Mean time per level.
                   A        B        C        D        E       F      G
               +--------+--------+--------+--------+--------+-----+--------+
         Total |   4880 |   4739 |    141 |    270 |   3813 |   5 |  976.0 |
       Dungeon |   4880 |   4739 |    141 |    270 |   3813 |   5 |  976.0 |
               +--------+--------+--------+--------+--------+-----+--------+

Top non-repeatable levels by time:
     D:1: 1685 daAuts
     D:2: 1250 daAuts
     D:3: 814 daAuts
     D:4: 705 daAuts
     D:5: 424 daAuts
